 Dungeon Crawl Stone Soup version 0.25.1-2-g60ff931df9 (webtiles) character file.

Game seed: 2642085513927290648

481 funkygono the Cudgeler (level 6, 0/46 HPs)
             Began as a Demonspawn Gladiator on Nov 4, 2020.
             Slain by an ogre
             ... wielding a +0 giant spiked club
              (16 damage)
             ... on level 4 of the Dungeon.
             The game lasted 00:06:24 (3647 turns).

funkygono the Cudgeler (Demonspawn Gladiator)       Turns: 3647, Time: 00:06:24

Health: 0/46       AC: 15    Str: 16    XL:     6   Next: 87%
Magic:  6/6        EV:  8    Int:  9    God:
Gold:   166        SH:  0    Dex: 15    Spells: 5/5 levels left

rFire    . . .     SeeInvis .   a - +1 flail
rCold    . . .     Gourm    .   (no shield)
rNeg     . . .     Faith    .   l - +0 chain mail
rPois    .         Spirit   .   c - +0 helmet
rElec    .         Reflect  .   p - +2 cloak {rCorr}
rCorr    +         Harm     .   (no gloves)
MR       .....                  (no boots)
Stlth    ..........             (no amulet)
HPRegen  0.15/turn              (no ring)
MPRegen  0.10/turn              (no ring)

@: no status effects
A: talons 1, yellow scales 2
a: no special abilities


You were on level 4 of the Dungeon.
You were not hungry.

You visited 1 branch of the dungeon, and saw 4 of its levels.

You collected 166 gold pieces.

Inventory:

Hand Weapons
 a - a +1 flail (weapon)
 o - a +4 quarterstaff of chaos
Missiles
 d - 2 throwing nets
 n - 4 boomerangs (quivered)
Armour
 b - a +0 leather armour
 c - a +0 helmet (worn)
 l - a +0 chain mail (worn)
 p - a +2 cloak of preservation (worn)
Scrolls
 e - a scroll of identify
 g - a scroll of enchant armour {unknown}
 h - 4 scrolls of remove curse
 i - 2 scrolls of teleportation
Potions
 j - a potion of magic {unknown}
 k - a potion of cancellation
 m - 2 potions of stabbing
 r - a potion of might {unknown}
 s - a potion of curing {unknown}
 t - a potion of degeneration {unknown}
Comestibles
 f - 3 rations
 q - a chunk of flesh


   Skills:
 + Level 2.7 Fighting
 + Level 4.8 Maces & Flails
 + Level 3.6 Throwing
 + Level 2.1 Armour
 + Level 3.7 Dodging
 + Level 0.1 Stealth


You had 5 spell levels left.
You didn't know any spells.
Your spell library was empty.

Dungeon Overview and Level Annotations

Branches:
Dungeon (4/15)
 Temple: D:4-7

Altars:
Qazlal
Vehumet
Yredelemnul
Zin
The Shining One

Annotations:
D:4 Sigmund


Innate Abilities, Weirdness & Mutations

You have sharp toenails.
You are mostly covered in yellow scales. (AC +3)


Message History

Found a ring mail.
A magic dart appears from out of thin air!
The magic dart hits you but does no damage.
Something tries to affect you, but you resist.
Something hits you but does no damage. Something hits you.
You barely miss the ogre.
The ogre hits you with a +0 giant spiked club!
You closely miss the ogre. You claw the ogre.
The ogre is lightly wounded.
Something completely misses you.
The ogre hits you with a +0 giant spiked club!!
You hit the ogre. You claw the ogre, but do no damage.
The ogre is moderately wounded.
Something hits you but does no damage.
Your chain mail prevents you from hitting the ogre.
You claw the ogre.
The ogre is heavily wounded.
The ogre hits you with a +0 giant spiked club!
You die...

..# #.........# ..#
##...#.....# ##.
...###..##......##...........#
#.......###........# .........
#..##....#.........# .........
...###.............##........#
...##....)...........##.....#
##..##.###..<...##..........
#.......#.......@#.......#
#...............#O{.....##
...####........###.......##
................####......#
...####........## #......#
.#.. #.## ###..#...#
##......#..... #.#
#...##....#............. ...
##.#####................ ....
#. ##....##....>....


You could see an ogre.

Vanquished Creatures
  Grinder (D:3)
  An orc priest (D:3)
  Crazy Yiuf (D:2)
  Terence (D:2)
  Natasha (D:3)
  A worker ant (D:4)
  4 gnolls
  6 adders
  3 worms
  A dart slug (D:1)
  A leopard gecko (D:2)
  7 orcs (D:3)
  7 bats
  6 giant cockroaches
  11 goblins
  2 hobgoblins (D:3)
  2 jackals (D:1)
  5 kobolds
  A quokka (D:3)
  3 ball pythons
  3 frilled lizards (D:1)
  7 rats
75 creatures vanquished.

Notes
Turn   | Place    | Note
-------+----------+-------------------------------------------
     0 | D:1      | funkygono the Demonspawn Gladiator began the quest for the
                  | Orb.
     0 | D:1      | Reached XP level 1. HP: 16/16 MP: 1/1
   315 | D:1      | Gained mutation: You are partially covered in yellow
                  | scales. (AC +2) [demonic ancestry]
   315 | D:1      | Reached XP level 2. HP: 18/22 MP: 2/2
   487 | D:1      | Reached skill level 3 in Maces & Flails
  1029 | D:1      | Gained mutation: You have sharp toenails. [demonic
                  | ancestry]
  1029 | D:1      | Reached XP level 3. HP: 23/27 MP: 3/3
  1302 | D:2      | Reached XP level 4. HP: 4/33 MP: 4/4
  1773 | D:2      | Reached skill level 4 in Maces & Flails
  1866 | D:2      | Found a basalt altar of Yredelemnul.
  1872 | D:2      | Noticed Terence
  1886 | D:2      | Killed Terence
  1886 | D:2      | Reached skill level 1 in Armour
  1886 | D:2      | Gained mutation: You are mostly covered in yellow scales.
                  | (AC +3) [demonic ancestry]
  1886 | D:2      | Reached XP level 5. HP: 39/39 MP: 5/5
  1926 | D:2      | Found a glowing golden altar of the Shining One.
  2039 | D:2      | Found a runed translucent door.
  2040 | D:2      | Noticed Crazy Yiuf
  2048 | D:2      | Killed Crazy Yiuf
  2695 | D:3      | Noticed Natasha
  2699 | D:3      | Killed Natasha
  2760 | D:3      | Found a faded altar of an unknown god.
  2878 | D:3      | Found a stormy altar of Qazlal.
  2879 | D:3      | Found a glowing silver altar of Zin.
  2986 | D:3      | Noticed Grinder
  2994 | D:3      | Killed Grinder
  2994 | D:3      | Reached XP level 6. HP: 28/46 MP: 6/6
  3204 | D:3      | Found a radiant altar of Vehumet.
  3625 | D:4      | Noticed Sigmund
  3647 | D:4      | Slain by an ogre

Illustrated notes

Levels and vault maps discovered:
D:1:      evilmike_arrival_hilbert_curve, layout_loops_ring
D:2:      cheibrodos_old_hovel, layout_rooms, lemuel_crystal_altar,
          nicolae_tso_carved_into_rock, first_ration, amethyst_killhole,
          uniq_terence, uniq_crazy_yiuf_cottage
D:3:      layout_loops_corners, overflow_temple_1_default, minitemple,
          chequers_ecumenical_altar_grove, hangedman_decor_opposing,
          uniq_natasha, uniq_grinder
D:4:      layout_cave_pools, temple_doors_cd, uniq_sigmund, uniq_blork_the_orc,
          uniq_eustachio

Skill      XL: |  1  2  3  4  5  6 |
---------------+-------------------+-----
Throwing       | 2 3 |  3.6
Dodging        | 3 |  3.7
Maces & Flails | 3 4 |  4.8
Armour         | 1 2 |  2.1
Fighting       | |  2.7
Stealth        | |  0.1

Action                   |  1- 3 |  4- 6 || total
-------------------------+-------+-------++-------
Melee: Flail             |   105 |   108 ||   213
       Kick              |     7 |    35 ||    42
Throw: Throwing net      |     3 |       ||     3
       Boomerang         |       |    72 ||    72
  Use: Scroll            |     6 |     3 ||     9
  Eat: Chunk             |     1 |     7 ||     8
       Ration            |       |     1 ||     1
Armor: Leather armour    |    54 |     8 ||    62
       Chain mail        |       |    35 ||    35
Dodge: Dodged            |   110 |    61 ||   171
